Map: Automaton LE

Players

zeeeeeeeeerg - Winner!

  • Race: Zerg Zerg
  • League: Master
  • Spawn Location: 3:00

DTWB

  • Race: Protoss Protoss
  • League: Master
  • Spawn Location: 9:00

VOD

Have the link to the VOD?

Description

Time

  • Played on: March 8, 2019, 4:59 a.m.
  • Length: 14:24
Show
View Real Time Build Order
Export as new Build Order

zeeeeeeeeerg Zerg - Winner!

Build Orders: Pool First, Swarm Host 

Get SALT Encoding   

  12  0:00  Drone  
  13  0:23  Spawning Pool  
  13  0:25  Drone  
  13  0:33  Drone  
  14  0:37  Extractor  
  14  0:39  Drone  
  15  0:45  Overlord  
  15  1:10  Zergling x6  
  18  1:20  Hatchery  
  18  1:23  Zergling x2  
  18  1:32  Zergling x2  
  19  1:38  Queen  
  21  1:45  Drone  
  22  1:57  Overlord  
  22  2:14  Queen  
  24  2:23  Drone  
  24  2:24  Drone  
  24  2:29  Drone  
  26  2:37  Drone  
  26  2:41  Drone  
  28  2:47  Drone x4  
  32  2:53  Extractor  
  32  2:54  Queen  
  32  2:56  Drone x2  
  35  3:05  Drone  
  35  3:08  Extractor  
  35  3:16  Overlord x2  
  35  3:27  Drone x2  
  34  3:28  Overlord x2  
  35  3:41  Drone  
  35  3:42  Drone x6  
  42  3:53  Metabolic Boost, Roach Warren  
  42  4:02  Drone  
  42  4:03  Drone x2  
  44  4:32  Hatchery  
  44  4:36  Roach x7  
  58  4:45  Roach x4  
  65  4:59  Roach  
  67  5:02  Overlord x2  
  67  5:06  Extractor  
  66  5:08  Extractor  
  65  5:15  Lair  
  65  5:17  Drone  
  65  5:18  Overlord, Drone  
  65  5:19  Overlord  
  67  5:26  Drone x2  
  67  5:27  Drone  
  67  5:28  Drone x2  
  72  5:33  Drone x2  
  74  5:40  Drone  
  74  5:41  Drone x5  
  72  6:02  Drone  
  69  6:09  Drone  
  69  6:10  Drone x6  
  74  6:21  Infestation Pit  
  71  6:29  Drone x2  
  73  6:35  Overlord x3  
  73  6:39  Nydus Network  
  62  6:52  Overlord  
  62  6:53  Overlord x2  
  62  7:03  Swarm Host  
  62  7:04  Swarm Host x7  
  86  7:13  Swarm Host x2  
  92  7:18  Overseer  
  92  7:24  Nydus Canal  
  92  7:25  Swarm Host x3  
  101  7:30  Spine Crawler  
  101  7:31  Drone x4, Spine Crawler  
  101  7:32  Spine Crawler x3  
  101  7:35  Spine Crawler  
  101  7:36  Spine Crawler  
  98  7:37  Spine Crawler  
  98  7:38  Spine Crawler  
  98  7:39  Spine Crawler x2  
  98  7:43  Swarm Host x2  
  100  7:55  Nydus Canal  
  100  8:05  Swarm Host  
  100  8:06  Swarm Host x2  
  100  8:12  Nydus Canal  
  85  8:20  Overseer  
  85  8:23  Swarm Host  
  85  8:25  Swarm Host  
  91  8:31  Swarm Host  
  94  8:41  Nydus Canal  
  94  8:45  Swarm Host  
  94  8:47  Zergling x22  
  108  9:16  Nydus Canal  
  107  9:21  Zergling x16  
  114  9:38  Nydus Canal  
  114  9:39  Swarm Host x3  
  113  10:11  Nydus Canal  
  113  10:18  Zergling x2  
  113  10:19  Zergling x4  
  109  10:29  Nydus Canal  
  109  10:30  Zergling x12  
  115  10:40  Hatchery  
  115  10:41  Overseer  
  114  10:47  Spire  
  113  10:50  Hatchery  
  110  11:04  Nydus Canal  
  108  11:31  Swarm Host  
  105  11:35  Nydus Canal  
  105  11:44  Drone x5  
  105  11:46  Overlord x5  
  108  11:47  Overlord  
  106  11:57  Nydus Canal  
  106  12:05  Extractor  
  106  12:08  Extractor  
  104  12:18  Mutalisk x13  
  130  12:28  Nydus Canal  
  127  12:30  Mutalisk  
  127  12:31  Mutalisk  
  131  12:39  Mutalisk  
  131  12:42  Zergling x2  
  131  12:43  Zergling x2  
  131  12:44  Zergling x20  
  145  12:50  Extractor  
  144  12:53  Extractor  
  130  13:02  Mutalisk  
  130  13:03  Mutalisk x2  
  121  13:06  Zergling x2  
  121  13:07  Zergling x8  
  126  13:13  Swarm Host x3  
  126  13:17  Drone x5  
  140  13:25  Nydus Canal  
  137  13:42  Swarm Host x4  
  142  14:01  Spine Crawler  
Show
View Real Time Build Order
Export as new Build Order

DTWB Protoss 

Build Orders:  

Get SALT Encoding   

  12  0:02  Probe  
  13  0:14  Probe  
  14  0:25  Pylon  
  14  0:27  Probe  
  15  0:39  Probe  
  15  0:47  Probe  
  17  0:57  Probe  
  18  1:11  Nexus  
  18  1:19  Gateway  
  18  1:33  Forge  
  18  1:42  Pylon  
  18  1:51  Pylon  
  18  1:56  Probe  
  18  1:57  Zealot  
  19  2:06  Photon Cannon  
  21  2:17  Pylon  
  21  2:18  Pylon  
  21  2:21  Zealot  
  21  2:22  Gateway  
  20  2:35  Probe  
  20  2:38  Probe  
  20  2:42  Pylon  
  20  2:43  Probe  
  22  2:50  Assimilator, Probe  
  24  2:53  Zealot, Probe  
  27  3:02  Probe  
  27  3:04  Pylon  
  28  3:07  Assimilator  
  28  3:11  Probe  
  29  3:14  Zealot  
  29  3:17  Probe  
  30  3:27  Probe  
  30  3:30  Cybernetics Core  
  30  3:33  Probe  
  32  3:38  Gateway  
  32  3:50  Zealot, Probe x2  
  36  4:02  Probe  
  37  4:06  Gateway  
  37  4:12  Probe  
  38  4:19  Pylon  
  38  4:23  Sentry  
  40  4:26  Robotics Facility  
  40  4:29  Sentry  
  40  4:30  Probe x2  
  44  4:40  Pylon  
  44  4:42  Probe x2  
  46  4:48  Pylon  
  44  4:54  Probe x2  
  44  4:56  Zealot, Stalker  
  50  5:00  Assimilator  
  50  5:02  Protoss Ground Weapons Level 1  
  50  5:03  Probe  
  50  5:06  Probe  
  50  5:07  Gateway  
  50  5:11  Probe  
  50  5:13  Assimilator  
  50  5:17  Photon Cannon  
  50  5:18  Shield Battery  
  50  5:21  Probe  
  51  5:23  Probe  
  53  5:31  Observer  
  53  5:34  Probe  
  53  5:35  Probe  
  56  5:39  Twilight Council  
  56  5:46  Probe  
  57  5:52  Immortal  
  57  5:54  Warp Gate  
  57  6:05  Stalker x2  
  57  6:06  Zealot, Stalker  
  60  6:20  Probe  
  60  6:33  Stalker  
  60  6:35  Immortal  
  61  6:40  Protoss Ground Armor Level 1  
  61  6:41  Probe  
  61  6:43  Probe  
  63  6:49  Probe  
  64  6:55  Probe  
  64  6:57  Probe  
  65  7:03  Pylon  
  65  7:07  Probe  
  67  7:09  Probe  
  67  7:12  Pylon  
  68  7:19  Probe  
  68  7:21  Probe  
  68  7:22  Warp Prism, Stalker, Sentry  
  74  7:23  Stalker  
  74  7:24  Sentry, Pylon  
  80  7:39  Charge  
  80  7:58  Stalker x2  
  78  8:18  Immortal  
  78  8:22  Stalker  
  78  8:23  Stalker x3  
  86  8:32  Probe  
  86  8:33  Probe  
  92  8:50  Nexus  
  92  8:52  Stalker x2  
  92  8:53  Photon Cannon  
  92  8:55  Pylon  
  96  9:04  Stalker  
  96  9:05  Stalker  
  95  9:13  Probe  
  95  9:16  Photon Cannon  
  89  9:19  Pylon  
  89  9:22  Stalker  
  84  9:33  Stalker x2  
  86  9:39  Probe x2  
  77  9:53  Zealot, Stalker  
  77  9:59  Stalker  
  71  10:01  Probe  
  70  10:10  Zealot  
  68  10:14  Zealot  
  66  10:29  Stalker x2  
  66  10:30  Probe  
  66  10:31  Probe  
  72  10:38  Probe  
  73  10:43  Probe  
  73  10:46  Probe  
  74  10:51  Shield Battery  
  74  10:52  Pylon  
  74  10:55  Probe  
  76  10:57  Probe  
  77  11:07  Probe  
  77  11:08  Zealot x4  
  72  11:31  Zealot x4, Protoss Ground Weapons Level 2  
  80  11:37  Probe  
  77  11:40  Probe  
  77  11:46  Templar Archives  
  75  11:49  Probe  
  73  11:55  Pylon  
  73  11:57  Probe  
  75  12:01  Probe  
  75  12:17  Zealot x3  
  75  12:18  Zealot  
  64  12:52  Nexus  
  64  12:58  Zealot  
  64  12:59  Zealot  
  66  13:12  High Templar  
  64  13:14  High Templar  
  64  13:15  Probe  
  67  13:22  High Templar  
  67  13:24  Archon  
  69  13:27  Probe  
Tags
 
Composition
Swarm Host
Matchup
PvZ
Opening
Pool First
Spawn Locations
Cross Positions
Add a new tag
Caveats
  • Supply blocks, unpowered buildings, or Contaminate may cause inaccurate times.
  • Supply counts are checked every 10 seconds.